 Dungeon Crawl Stone Soup version 0.21-a0-630-g344d351 (webtiles) character file.

261107 shenanigans the Warrior (level 19, 0/161 HPs)
             Began as a Barachi Skald on Dec 25, 2017.
             Was a High Priest of Okawaru.
             Killed from afar by a spellforged servitor (55 damage)
             ... with an iron shot
             ... summoned by Frederick
             ... on level 2 of the Vaults.
             The game lasted 03:07:33 (49233 turns).

shenanigans the Warrior (Barachi Skald)            Turns: 49233, Time: 03:07:33

Health: 0/161      AC: 30    Str: 17    XL:     19   Next: 95%
Magic:  30/30      EV: 17    Int: 21    God:    Okawaru [*****.]
Gold:   518        SH: 25    Dex: 13    Spells: 24/33 levels left

rFire    + . .     SeeInvis .   a - +2 war axe (chop)
rCold    + . .     Gourm    .   w - +2 large shield {AC+3}
rNeg     . . .     Faith    .   p - +3 plate armour
rPois    +         Spirit   .   V - +0 hat of the Pink Corner {+Blink rPois rCorr}
rElec    +         Reflect  .   O - +1 cloak of Starlight {rElec rC+ EV+4 Stlth--}
rCorr    +         Harm     .   G - +1 pair of gloves {Str+3}
MR       +....                  r - +0 pair of boots
Stlth    ..........             B - amulet of regeneration
HPRegen  0.76/turn              Y - +6 ring of slaying
MPRegen  0.22/turn              M - ring of protection from fire

@: heroism, corroded, slow
A: +LOS, swims, claws 1, blurry vision 1, clever 1, slowness 1, wild magic 1,
strong legs 2
}: 2/15 runes: decaying, serpentine
a: Hop, Heroism, Finesse, Renounce Religion, Evoke Blink


You were on level 2 of the Vaults.
You worshipped Okawaru.
Okawaru was extremely pleased with you.
You were hungry.

You visited 7 branches of the dungeon, and saw 34 of its levels.
You visited the Abyss 1 time.
You also visited: Volcano.

You collected 3387 gold pieces.
You spent 2869 gold pieces at shops.

Inventory:

Hand Weapons
 a - a +2 war axe of chopping (weapon)
 b - a +2 scimitar of flaming
 g - the +10 battleaxe "Dolyp" {vamp, MR+}
   (Okawaru gifted it to you on level 1 of the Orcish Mines)

   It inflicts no extra harm, but heals its wielder when it wounds a living foe.
   It affects your resistance to hostile enchantments.
 x - a +0 broad axe
 X - a +1 antimagic war axe
Missiles
 z - 7 javelins (quivered)
Armour
 p - a +3 plate armour (worn)
 r - a +0 pair of boots (worn)
 u - a +2 hat of magic resistance
 v - a +1 plate armour of fire resistance
 w - a +2 large shield of protection (worn)
 C - a +0 cloak of poison resistance
 G - a +1 pair of gloves of strength (worn)
 O - the +1 cloak of Starlight (worn) {rElec rC+ EV+4 Stlth--}
   (You bought it in a shop on level 2 of the Orcish Mines)

   It affects your evasion (+4).
   It protects you from cold.
   It insulates you from electricity.
   It makes you much less stealthy.
 V - the +0 hat of the Pink Corner (worn) {+Blink rPois rCorr}
   (Okawaru gifted it to you on level 4 of the Snake Pit)

   It protects you from poison.
   It lets you blink.
   It protects you from acid and corrosion.
Jewellery
 q - the ring "Azonauw" {Ice Int+4}
   (You found it on level 3 of the Swamp)

   [ring of ice]

   It enhances your ice magic.
   It affects your intelligence (+4).
   It makes you vulnerable to fire.
   It protects you from cold.
 B - an amulet of regeneration (around neck)
 K - an uncursed ring of positive energy
 M - a ring of protection from fire (right hand)
 P - an uncursed ring of poison resistance
 Q - an uncursed ring of resist corrosion
 Y - a +6 ring of slaying (left hand)
 Z - an uncursed ring of see invisible
Wands
 N - a wand of paralysis (46)
 R - a wand of acid (30)
 T - a wand of clouds (2)
Scrolls
 c - 2 scrolls of silence
 f - 13 scrolls of remove curse
 i - 6 scrolls of identify
 j - 2 scrolls of blinking
 k - 2 scrolls of teleportation
 l - 5 scrolls of fear
 m - 4 scrolls of enchant armour
 y - a scroll of enchant weapon
 D - 2 scrolls of holy word
 I - 2 scrolls of fog
 L - 6 scrolls of amnesia
Potions
 e - 3 potions of ambrosia
 h - 6 potions of curing
 n - 4 potions of flight
 o - 8 potions of brilliance
 s - a potion of berserk rage
 t - 2 potions of mutation
 A - 6 potions of cancellation
 E - a potion of might
 F - a potion of resistance
 J - a potion of heal wounds
 S - 4 potions of magic
 U - 4 potions of agility
 W - 2 potions of haste
Comestibles
 d - 51 rations


   Skills:
 - Level 17.6(22.6) Fighting
 + Level 17.2(22.2) Axes
 - Level 17.5(22.5) Armour
 * Level 11.7(16.7) Dodging
 - Level 17.5(22.5) Shields
 + Level 7.9 Spellcasting
 - Level 3.2 Charms
 + Level 8.2 Fire Magic
 - Level 6.5 Invocations


You had 24 spell levels left.
You knew the following spells:

 Your Spells              Type           Power        Failure   Level  Hunger
a - Infusion              Chrm           ####         30%         1    None
b - Ignition              Fire           ######....   100%        8    #######


Dungeon Overview and Level Annotations

Branches:
Dungeon (15/15)            Temple (1/1) D:5            Lair (6/6) D:8
  Swamp (4/4) Lair:2        Snake (4/4) Lair:2        Slime (0/5) Lair:6
    Orc (2/2) D:9             Elf (0/3) Orc:2        Vaults (2/5) D:14
 Depths (0/5) D:15
  Crypt: Vaults:2-3

Altars:
Ashenzari
Cheibriados
Dithmenos
Elyvilon
Fedhas
Gozag
Hepliaklqana
Kikubaaqudgha
Makhleb
Nemelex Xobeh
Okawaru
Qazlal
Ru
Sif Muna
Trog
Uskayaw
Vehumet
Wu Jian
Xom
Yredelemnul
Zin
The Shining One
Beogh

Shops:
D:4 =   D:9 !   D:10 }   D:11 %   Orc:1 :   Orc:2 [*((   Snake:1 }}=
Snake:2 :   Snake:4 ?

Annotations:
D:3 tamerofbeasts's ghost, amateur GrFi
D:10 aubilenon's ghost, journeyman MiFi
Swamp:3 Lernaean hydra
Snake:3 exclusion: 2 oklob plants
Vaults:2 Frederick


Innate Abilities, Weirdness & Mutations

Shadows flee at your approach. (+LOS)
You can swim through water.
You cover ground slowly.
You can hop long distances.
You have sharp fingernails.
Scrolls take you a little longer to read.
Your mind is acute. (Int +2)
Your spells are a little harder to cast, but a little more powerful.


Message History

Frederick is almost dead.
You closely miss the spellforged servitor.
You slash the ironheart preserver!
The ironheart preserver closely misses you.
Unknown command.
You closely miss Frederick.
Frederick is almost dead.
You slash the ironbrand convoker!
You hit the spellforged servitor but do no damage.
You slice the ironheart preserver!!
You kill the ironheart preserver!
Okawaru accepts your kill.
You feel your intelligence returning. Frederick hits you but does no damage.
You block the ironbrand convoker's attack.
The entropy weaver gestures wildly while chanting.
The entropic weave corrodes you!
The spellforged servitor casts a spell at you.
The iron shot hits you!
You die...

########## ###
#......... ..# ####
#....#.... ..# #..#
#..⌠...⌠.. ..#
####..###c........
..#
#..#'#..#p#.$<..#.
..#
#..'.+..'@@.......
..#
####'#+####8n⌠...⌠..
### #..'.#
#a...#.... #..#+#
#......... ###..#
######### #..#
########'##
..#......#
..#......#


You could see Frederick, a ghoul, a spellforged servitor, an entropy weaver, an
ironbrand convoker and a yaktaur.

Vanquished Creatures
  Vashnia (Snake:2)
  Asterion (Snake:2)
  The ghost of Vinniefish the Peltast, an adept FoWr of Okawaru (Snake:4)
  Frances (Snake:2)
  Kirke (Swamp:2)
  6 nagarajas
  3 vault wardens (Vaults:1)
  A frost giant (Vaults:1)
  Louise (D:14)
  An orc warlord (Orc:1)
  A deep elf sorcerer (Vaults:2)
  Aizul (Snake:4)
  5 ironheart preservers
  Nessos (Orc:2)
  2 deep elf demonologists
  The ghost of chance672 the Cruncher, a journeyman HuGl of Wu Jian (Lair:2)
  2 fire dragons
  A great orb of eyes (shapeshifter) (D:15)
  A great orb of eyes (Vaults:1)
  A vault guard (D:14)
  3 rakshasas
  A ghost crab (Swamp:3)
  15 hydras
  An ice dragon (D:13)
  15 naga warriors
  A quicksilver dragon skeleton (Abyss:4)
  The ghost of arcanemastermind the Thaumaturge, a journeyman DEFE of Sif Muna (D:11)
  10 centaur warriors
  13 anacondas
  2 ogre magi
  A death knight (Vaults:1)
  14 two-headed ogres
  8 alligators
  3 orc high priests
  The ghost of aubilenon the Covert, a journeyman SpEn of Dithmenos (Orc:1)
  6 shock serpents
  3 tengu warriors (D:13)
  13 naga sharpshooters
  Sonja (Lair:2)
  A hell knight (Volcano)
  A wretched star (Abyss:4)
  3 deep elf knights (Vaults:1)
  A death drake (shapeshifter) (D:15)
  5 skeletal warriors
  5 salamander mystics
  2 spriggan druids
  8 unseen horrors
  2 glowing orange brains
  15 swamp dragons
  A sea snake (Snake:2)
  3 naga ritualists
  A swamp dragon (shapeshifter) (D:15)
  3 shambling mangroves
  12 orc knights
  2 deep elf archers (Vaults:1)
  2 wolf spider zombies
  A lindwurm (Lair:6)
  4 manticores
  7 mana vipers
  4 orc sorcerers
  A necromancer (Vaults:1)
  A mana viper (shapeshifter) (D:13)
  2 wolf spiders
  29 ugly things
  4 deep elf magi
  2 ironbrand convokers (Vaults:1)
  2 oklob plants (Lair:3)
  3 cyclopes
  23 salamanders
  2 molten gargoyles (Lair:6)
  34 black mambas
  6 centaur zombies
  A smoke demon (Abyss:4)
  31 naga magi
  A gargoyle (D:12)
  3 guardian serpents
  A vault sentinel (Vaults:1)
  20 spiny frogs
  2 centaur skeletons
  4 rime drakes
  7 yaktaurs
  3 efreet
  3 freezing wraiths
  A kobold demonologist (D:13)
  A tormentor (Abyss:4)
  2 tengu conjurers (D:13)
  12 komodo dragons
  3 polar bears
  9 trolls
  3 meliai (D:14)
  7 dream sheep (Lair:6)
  13 hornets
  3 tyrant leeches
  18 blink frogs
  A hippogriff (shapeshifter) (D:14)
  22 slime creatures
  5 bog bodies
  7 hippogriffs
  2 centaur simulacra
  7 spriggans
  3 vampires
  A shadow (D:13)
  5 wraiths
  A human (shapeshifter) (Vaults:1)
  3 wyverns
  2 hogs
  4 hungry ghosts
  31 yaks
  5 basilisks
  A chaos spawn (Abyss:4)
  A neqoxec (Abyss:4)
  The ghost of Esekla the Charmwright, an amateur FoSk (D:9)
  3 wargs
  An elf zombie (Vaults:1)
  24 vampire mosquitoes
  2 acid dragons
  6 insubstantial wisps (Swamp:4)
  47 nagas
  20 swamp worms
  17 water moccasins
  2 soldier ants (D:13)
  10 porcupines
  An ogre skeleton (Vaults:1)
  6 swamp drakes
  4 hell hounds (Lair:6)
  A hornet zombie (D:15)
  3 ice beasts
  5 sky beasts
  A sky beast (shapeshifter) (Vaults:1)
  38 orc warriors
  A black bear (Lair:4)
  A phantom (D:9)
  13 ogres
  25 wolves
  A boggart (Vaults:1)
  13 crocodiles
  18 centaurs
  Blork the orc (D:5)
  4 big kobolds
  17 bullfrogs
  A water moccasin zombie (D:7)
  A scorpion (D:12)
  A small abomination (Abyss:4)
  2 human simulacra
  A killer bee (D:13)
  2 wights (D:13)
  2 electric eels (Lair:3)
  2 howler monkeys
  4 bullfrog zombies
  5 lava snakes (Lair:6)
  5 crimson imps
  3 bullfrog skeletons
  22 orc priests
  4 hounds
  20 orc wizards
  8 iguanas
  4 worker ants
  A killer bee zombie (D:9)
  A worker ant zombie (D:10)
  14 adders
  7 shadow imps
  2 oozes
  2 adder skeletons
  2 worms
  A worm (shapeshifter) (D:15)
  2 dart slugs
  10 leopard geckos
  113 orcs
  6 ball pythons
  12 bats
  6 giant cockroaches
  13 goblins
  9 hobgoblins
  4 quokkas
  11 frilled lizards
  A jackal skeleton (D:9)
  17 kobolds
  5 rats
  2 fungi
  5 plants
1205 creatures vanquished.

Vanquished Creatures (others)
  Nikola (Swamp:1)
  An alligator (Swamp:4)
  A naga mage (Snake:4)
  A komodo dragon (Swamp:1)
  An ancient zyme (Abyss:4)
  3 humans (Swamp:3)
  3 vampire mosquitoes (Swamp:1)
  A crocodile (D:13)
  5 fungi
  11 plants (Lair:2)
28 creatures vanquished.

Grand Total: 1233 creatures vanquished

Notes
Turn   | Place    | Note
-------+----------+-------------------------------------------
     0 | D:1      | shenanigans the Barachi Skald began the quest for the Orb.
     0 | D:1      | Reached XP level 1. HP: 17/17 MP: 3/3
    31 | D:1      | Noticed a worker ant
    31 | D:1      | Noticed a wolf
    31 | D:1      | Noticed an anaconda
    31 | D:1      | Noticed a black bear
    31 | D:1      | Noticed a seven-headed hydra
    98 | D:1      | Reached XP level 2. HP: 14/23 MP: 5/5
   575 | D:1      | Reached XP level 3. HP: 29/29 MP: 6/6
  1292 | D:2      | Reached XP level 4. HP: 32/35 MP: 7/7
  2328 | D:3      | Reached XP level 5. HP: 36/42 MP: 8/8
  2655 | D:3      | Noticed tamerofbeasts's ghost (amateur GrFi)
  2828 | D:3      | Found a blossoming altar of Fedhas.
  3562 | D:4      | Reached XP level 6. HP: 49/49 MP: 9/9
  4085 | D:4      | Found Ozaywkek's Jewellery Shop.
  4238 | D:4      | Reached skill level 5 in Fighting
  4580 | D:5      | Entered Level 5 of the Dungeon
  4585 | D:5      | Found a staircase to the Ecumenical Temple.
  4598 | Temple   | Entered the Ecumenical Temple
  4875 | Temple   | Became a worshipper of Warmaster Okawaru
  4924 | D:5      | Noticed Blork the orc
  5111 | D:5      | Reached skill level 1 in Invocations
  5111 | D:5      | Reached XP level 7. HP: 22/56 MP: 10/10
  5436 | D:5      | Killed Blork the orc
  5436 | D:5      | Reached skill level 5 in Armour
  5570 | D:5      | Reached skill level 5 in Axes
  6166 | D:5      | Reached * piety under Okawaru
  6166 | D:5      | Reached XP level 8. HP: 64/64 MP: 11/11
  6324 | D:6      | Found an iron altar of Okawaru.
  8191 | D:7      | Reached skill level 5 in Invocations
  8191 | D:7      | Reached XP level 9. HP: 55/72 MP: 9/12
  8449 | D:8      | Found a white marble altar of Elyvilon.
  8534 | D:8      | Found a sparkling altar of Nemelex Xobeh.
  8572 | D:8      | Found a radiant altar of Vehumet.
  8725 | D:8      | Found a staircase to the Lair.
  8778 | D:8      | Reached ** piety under Okawaru
  9202 | D:8      | Found a snail-covered altar of Cheibriados.
  9427 | D:8      | Reached skill level 1 in Shields
  9536 | D:9      | Found a shattered altar of Ashenzari.
  9667 | D:9      | Found Evygitti's Distillery.
  9884 | D:9      | Found a bloodstained altar of Trog.
  9913 | D:9      | Reached XP level 10. HP: 48/80 MP: 12/14
 10324 | D:9      | Noticed Esekla's ghost (amateur FoSk)
 10342 | D:9      | Killed Esekla's ghost
 10353 | D:9      | Reached skill level 5 in Shields
 10477 | D:9      | Found a roughly hewn altar of Beogh.
 10477 | D:9      | Found a staircase to the Orcish Mines.
 10800 | D:10     | Entered Level 10 of the Dungeon
 10856 | D:10     | Found Magg's Gadget Shoppe.
 10935 | D:10     | Reached *** piety under Okawaru
 10995 | D:10     | Noticed aubilenon's ghost (journeyman MiFi)
 11636 | D:11     | Noticed a two-headed ogre
 11648 | D:11     | Killed a two-headed ogre
 11713 | D:11     | Noticed arcanemastermind's ghost (journeyman DEFE)
 11762 | D:11     | Found Dyothrop's Food Emporium.
 12898 | D:11     | Killed arcanemastermind's ghost
 12898 | D:11     | Reached **** piety under Okawaru
 13188 | Orc:1    | Entered Level 1 of the Orcish Mines
 13188 | Orc:1    | Noticed aubilenon's ghost (journeyman SpEn)
 13203 | D:9      | Reached XP level 11. HP: 78/89 MP: 13/15
 13903 | D:4      | Bought an uncursed ring of poison resistance for 220 gold pieces
 14021 | Lair:1   | Entered Level 1 of the Lair of Beasts
 14676 | D:8      | Reached skill level 10 in Fighting
 14807 | Lair:1   | Received a gift from Okawaru
 15141 | Lair:2   | Found a staircase to the Swamp.
 15414 | Lair:2   | Reached skill level 10 in Armour
 15418 | Lair:2   | Found a staircase to the Snake Pit.
 15444 | Lair:2   | Noticed chance672's ghost (journeyman HuGl)
 15745 | Lair:2   | Noticed Sonja
 16148 | Lair:2   | Noticed a seven-headed hydra
 16293 | Lair:2   | Reached ***** piety under Okawaru
 16805 | Orc:2    | Entered Level 2 of the Orcish Mines
 16805 | Orc:2    | Found a staircase to the Elven Halls.
 16814 | Orc:2    | Reached XP level 12. HP: 92/99 MP: 13/16
 16837 | Orc:2    | Reached skill level 10 in Shields
 16841 | Orc:2    | Noticed Nessos
 17126 | Orc:1    | Killed aubilenon's ghost
 17135 | Orc:1    | Found a bloodstained altar of Trog.
 17243 | Orc:1    | Found Hyttur's Book Boutique.
 17638 | Orc:2    | Noticed an orc warlord
 17648 | Orc:1    | Reached skill level 10 in Axes
 17941 | Orc:1    | HP: 4/99 [orc warlord/battleaxe (22)]
 17942 | Orc:1    | Killed an orc warlord
 18389 | Orc:2    | Noticed a two-headed ogre
 18414 | Orc:1    | Killed a two-headed ogre
 19060 | Orc:2    | Killed Nessos
 19903 | Orc:2    | Noticed an orc high priest
 20056 | Orc:1    | Gained mutation: You are frail. (-10% HP) [mutagenic glow]
 20199 | Orc:1    | Lost mutation: You are frail. (-10% HP) [potion of mutation]
 20199 | Orc:1    | Gained mutation: You have sharp fingernails. [potion of mutation]
 20199 | Orc:1    | Gained mutation: Your spells are a little harder to cast, but a little more powerful. [potion of mutation]
 20199 | Orc:1    | Gained mutation: Your mind is acute. (Int +2) [potion of mutation]
 20472 | Orc:2    | Killed an orc high priest
 20844 | Orc:2    | Noticed an orc high priest
 21025 | Orc:1    | Killed an orc high priest
 21025 | Orc:1    | Gained mutation: You can hop long distances. [Barachi growth]
 21025 | Orc:1    | Reached XP level 13. HP: 70/107 MP: 15/17
 21301 | Orc:1    | Received a gift from Okawaru
 21304 | Orc:1    | Got a transparent battleaxe {god gift}
 21384 | Orc:1    | Identified the +10 battleaxe "Dolyp" {vamp, MR+} (Okawaru gifted it to you on level 1 of the Orcish Mines)
 21565 | Orc:2    | Found Qutwemae's Assorted Antiques.
 21565 | Orc:2    | Found Nahar's Antique Armour Shop.
 21567 | Orc:2    | Found Nuimait's Antique Weapon Shoppe.
 21567 | Orc:2    | Found Foset's Antique Weapon Shop.
 22404 | Lair:2   | Killed chance672's ghost
 22616 | Lair:3   | Found a dark tunnel.
 22628 | Volcano  | Entered a volcano
 22750 | Volcano  | Received a gift from Okawaru
 24307 | Lair:4   | Received a gift from Okawaru
 24967 | Lair:5   | Reached XP level 14. HP: 70/116 MP: 18/18
 25847 | D:4      | Bought a +6 ring of slaying for 1581 gold pieces
 26068 | Lair:6   | Entered Level 6 of the Lair of Beasts
 26232 | Lair:6   | Found a staircase to the Slime Pits.
 26591 | Lair:6   | Found a large runed door.
 26608 | Lair:6   | Found a large runed door.
 27540 | Lair:2   | Killed Sonja
 28311 | D:12     | Reached skill level 15 in Shields
 28690 | D:13     | Received a gift from Okawaru
 28704 | D:13     | Reached XP level 15. HP: 60/125 MP: 19/19
 29077 | D:13     | Reached ****** piety under Okawaru
 29343 | D:13     | Received a gift from Okawaru
 30215 | D:13     | Found a roughly hewn altar of Beogh.
 31226 | D:14     | Received a gift from Okawaru
 31558 | D:14     | Noticed Louise
 31601 | D:14     | Killed Louise
 32521 | D:14     | Found a gate to the Vaults.
 32613 | D:15     | Entered Level 15 of the Dungeon
 32846 | D:15     | Received a gift from Okawaru
 32998 | D:15     | Reached skill level 15 in Fighting
 33411 | D:15     | Reached skill level 15 in Armour
 33445 | D:14     | Reached XP level 16. HP: 57/136 MP: 20/20
 34191 | D:15     | Paralysed by a great orb of eyes for 4 turns
 34526 | D:15     | Found a deep blue altar of Sif Muna.
 34879 | D:15     | Found a staircase to the Depths.
 35148 | Swamp:1  | Entered Level 1 of the Swamp
 35329 | Swamp:1  | Noticed Nikola
 35369 | Swamp:1  | Killed Nikola
 36644 | Swamp:3  | Received a gift from Okawaru
 37384 | Swamp:3  | Got a translucent marble ring
 37386 | Swamp:3  | Identified the ring "Azonauw" {Ice Int+4} (You found it on level 3 of the Swamp)
 37431 | Swamp:3  | Reached skill level 15 in Axes
 37636 | Swamp:3  | Noticed Kirke
 37970 | Swamp:4  | Entered Level 4 of the Swamp
 38049 | Swamp:4  | Reached XP level 17. HP: 74/144 MP: 19/21
 38265 | Swamp:4  | Got a steaming hand axe
 38270 | Swamp:4  | Identified the +10 hand axe "Widir" {chop, *Rage Int+8} (You found it on level 4 of the Swamp)
 38553 | Swamp:4  | Noticed the 27-headed Lernaean hydra
 38968 | Swamp:2  | Killed Kirke
 39136 | Swamp:4  | Received a gift from Okawaru
 39141 | Swamp:4  | Paralysed by a hornet for 1 turns
 39389 | Swamp:4  | Got a decaying rune of Zot
 39826 | Snake:1  | Entered Level 1 of the Snake Pit
 40074 | Snake:1  | Learned a level 8 spell: Ignition
 40564 | Snake:1  | Found a sacrificial altar of Ru.
 40609 | Snake:1  | Received a gift from Okawaru
 40889 | Snake:1  | Found Sahil's Gadget Emporium.
 40890 | Snake:1  | Found Ohavvuij's Jewellery Boutique.
 40892 | Snake:1  | Found Nuesiet's Gadget Emporium.
 41262 | Snake:2  | Noticed Frances
 41400 | Snake:2  | Noticed Vashnia
 41579 | Snake:1  | Reached skill level 1 in Fire Magic
 42266 | Snake:2  | Received a gift from Okawaru
 42269 | Snake:2  | Got an encrusted ring mail {god gift}
 42312 | Snake:2  | Killed Vashnia
 42343 | Snake:2  | Killed Frances
 42343 | Snake:2  | Reached XP level 18. HP: 104/154 MP: 19/23
 42354 | Snake:2  | Reached skill level 5 in Dodging
 42422 | Snake:2  | Noticed Asterion
 42532 | Snake:2  | Found a runed gate.
 42532 | Snake:2  | Found a runed gate.
 42542 | Snake:2  | Found a runed gate.
 42557 | Snake:2  | Found Jaoliule's Book Shop.
 42570 | Snake:2  | You fall through a shaft!
 42851 | Orc:2    | Bought the +1 cloak of Starlight {rElec rC+ EV+4 Stlth--} for 1068 gold pieces
 42851 | Orc:2    | Found the +1 cloak of Starlight {rElec rC+ EV+4 Stlth--}
 42861 | Orc:2    | Identified the +2 ring mail of Atheism {+Inv rN+ Dex+2 Stlth+} (Okawaru gifted it to you on level 2 of the Snake Pit)
 43086 | Snake:2  | Killed Asterion
 44728 | Snake:4  | Entered Level 4 of the Snake Pit
 44770 | Snake:4  | Received a gift from Okawaru
 44997 | Snake:4  | Reached skill level 5 in Spellcasting
 45003 | Snake:4  | Got a warped hat {god gift}
 45011 | Snake:4  | Noticed Vinniefish's ghost (adept FoWr)
 45032 | Snake:3  | Identified the +0 hat of the Pink Corner {+Blink rPois rCorr} (Okawaru gifted it to you on level 4 of the Snake Pit)
 45147 | Snake:4  | Killed Vinniefish's ghost
 45248 | Snake:4  | Reached skill level 5 in Fire Magic
 45638 | Snake:4  | Noticed Aizul
 45655 | Snake:4  | Killed Aizul
 45845 | Snake:4  | Found Mibroun's Magic Scroll Shop.
 46073 | Snake:4  | Reached XP level 19. HP: 111/161 MP: 27/27
 46642 | Snake:4  | Got a serpentine rune of Zot
 47137 | Vaults:1 | Entered Level 1 of the Vaults
 47593 | Vaults:1 | Reached skill level 10 in Dodging
 47919 | Vaults:1 | Found Jiduh's Antique Weapon Emporium.
 48217 | Vaults:1 | Received a gift from Okawaru
 48842 | Vaults:2 | Cast into level 4 of the Abyss (a deep elf sorcerer)
 48975 | Abyss:4  | Gained mutation: Scrolls take you a little longer to read. [a neqoxec]
 48999 | Vaults:2 | Escaped the Abyss
 49213 | Vaults:2 | Noticed Frederick
 49233 | Vaults:2 | Killed from afar by a spellforged servitor

Vault maps used:
D:1:      onia_arrival_zoo_common, minmay_pentomino_z4
D:3:      fedhas_altar_4
D:4:      serial_shops, nicolae_shop_crystal
D:5:      minmay_temple_entry_poolview, first_ration, uniq_blork_the_orc
D:6:      st_stairs_3, serial_bayou_ford_a, okawaru_ov_weapons_minmay
D:8:      elyvilon_altar_3, old_standard_altar, vehumet_altar_wand_db,
          serial_glass, glass_columns_b, glass_columns_a, glass_columns_c,
          glass_columns_c, glass_columns_b, glass_columns_a, basic_altar,
          the_bakery, item_on_display_a
D:9:      kennysheep_mini, david_orc_5, serial_shops, nicolae_shop_statue_plus,
          trog_three_pillars_becter
D:10:     serial_shops, shop
D:11:     serial_shops, nicolae_shop_competitors_out_of_business
D:13:     minmay_quarter_circles, special_room
D:14:     david_vaults_5, lemuel_nasty_fountain, uniq_louise
D:15:     gammafunk_enter_depths_forms, minmay_misc_feat_more_columns,
          lemuel_blue_sif_altar
Temple:   dpeg_five_rooms_temple
Lair:1:   minmay_hedge_maze
Lair:2:   minmay_swamp_entry_reptiles, guppyfry_snake_entry_garden,
          serial_bayou_lagoon_a, uniq_sonja
Lair:3:   wad_woods_structure_01, nicolae_volcano_entry_lava_flow,
          serial_bayou_shore_a, infiniplex_staircase_pool_2,
          minmay_lair_oklob_chamber
Lair:4:   grunt_forest_stairs_clearing
Lair:5:   serial_bayou_shore_b
Lair:6:   cheibrodos_lair_end_hotspot, slime_dummy
Swamp:1:  evilmike_swamp_ruin_house_3, nicolae_swamp_very_dense_foliage,
          uniq_nikola
Swamp:2:  serial_swamp_ruin, evilmike_swamp_ruin_house_1,
          evilmike_swamp_ruin_rubble_2, evilmike_swamp_ruin_house_2
Swamp:3:  hangedman_swamp_cone, st_swamp_ruins_3, uniq_kirke
Swamp:4:  swamp_alternative, swamp_pool1
Snake:1:  cheibrodos_snake_lava_hold, basic_altar, minmay_shop_grove,
          lemuel_fruit_tree
Snake:2:  serial_shops, shop, special_room, nicolae_snake_horde_hoard,
          uniq_frances, uniq_vashnia, uniq_asterion
Snake:3:  dpeg_oklob_gauntlet, st_stairs_8
Snake:4:  snake_pit, serial_shops, shop, spider_trap, uniq_aizul
Orc:1:    serial_shops, shop, trog_book
Orc:2:    grunt_orc_tribal_feast, uniq_nessos
Vaults:1: hangedman_vaults_pinch, v_misc_33, vaults_dpeg_ring, v_rooms_2,
          v_misc_30, nicolae_vaults_angled_halls, nicolae_vaults_triangles,
          vaults_room_grunt_arrival_ludios, vaults_room_mumra_shop_pool,
          st_cells, ontoclasm_vaults_pinch, ontoclasm_vaults_shuriken
Vaults:2: nicolae_vaults_network_s, hangedman_vaults_corner_blocks,
          vaults_room_pools, st_smaller_cells, nicolae_vaults_little_squares_4,
          vaults_room_hallway, v_alt_pattern_3, v_misc_29, vaults_room_octagon,
          vaults_room_door_hall, minmay_crypt_entry_simple_box,
          nicolae_vaults_little_squares_5, nicolae_vaults_ring_of_whatevers,
          nicolae_vaults_little_squares_5, v_pattern_5,
          nicolae_vaults_mini_display_case, uniq_frederick
Abyss:4:  evilmike_abyss_exit_plants, evilmike_abyss_exit_glass, minivault_4,
          evilmike_abyss_exit_16
Volcano:  volcano_pools

Skill      XL: |  1  2  3  4  5  6  7  8  9 10 11 12 13 14 15 16 17 18 19 |
---------------+----------------------------------------------------------+-----
Armour         | 2 3 4 5 6 8 9 10 11 12 13 15 16 17 | 17.5
Fighting       | 3 4 5 6 7 8 9 10 11 12 13 15 16 17 | 17.6
Axes           | 3 4 5 6 7 8 9 10 11 12 14 15 16 17 | 17.2
Invocations    | 1 3 5 6 |  6.5
Shields        | 4 7 9 11 13 15 16 17 | 17.5
Fire Magic     | 2 5 8 |  8.2
Dodging        | 4 8 11 | 11.7
Spellcasting   | 3 5 7 |  7.9
Charms         | |  3.2

Action                   |  1- 3 |  4- 6 |  7- 9 | 10-12 | 13-15 | 16-18 | 19-21 || total
-------------------------+-------+-------+-------+-------+-------+-------+-------++-------
Melee: Hand axe          |   166 |   317 |       |       |       |       |       ||   483
       War axe           |       |    25 |   496 |  1181 |       |  1379 |   642 ||  3723
       Punch             |       |       |     1 |       |       |       |       ||     1
       Flail             |       |       |       |    84 |    26 |       |       ||   110
       Unarmed           |       |       |       |    16 |       |       |       ||    16
       Battleaxe         |       |       |       |       |   672 |       |       ||   672
       Broad axe         |       |       |       |       |   737 |   266 |       ||  1003
       Scimitar          |       |       |       |       |       |    70 |       ||    70
Throw: Javelin           |       |     5 |     9 |    30 |     4 |     7 |       ||    55
Invok: Heroism           |       |       |     7 |    56 |    44 |    63 |    17 ||   187
       Finesse           |       |       |       |     2 |     3 |     3 |     1 ||     9
 Abil: Hop               |       |     2 |     1 |    15 |     4 |     7 |     1 ||    30
Evoke: Wand              |       |       |     6 |     8 |    18 |       |       ||    32
  Use: Scroll            |       |    10 |     2 |    12 |     7 |    13 |     1 ||    45
       Potion            |       |     1 |     3 |     9 |     5 |     4 |     4 ||    26
 Stab: Invisible         |       |       |       |       |       |     5 |       ||     5
       Confused          |       |       |       |       |       |     1 |       ||     1
  Eat: Chunk             |     2 |    11 |     8 |    18 |    37 |    25 |     6 ||   107
       Ration            |       |     1 |     3 |     7 |     5 |     6 |     2 ||    24
Armor: Leather armour    |    33 |       |       |       |       |       |       ||    33
       Plate armour      |    57 |   293 |   451 |   602 |  1084 |   848 |   195 ||  3530
       Ice dragon scales |       |       |       |       |     3 |       |       ||     3
Dodge: Dodged            |    96 |    78 |   102 |   223 |   340 |   408 |   217 ||  1464
Block: Shield            |       |       |    58 |   670 |   303 |       |       ||  1031
       Large shield      |       |       |       |       |   284 |  1903 |   590 ||  2777
       Rpst.: Scimitar   |       |       |       |       |       |     4 |       ||     4

Table legend:
 A = Spawn XP
 B = Non-spawn XP
 C = Spawn XP percentage of total XP
 D = Spawn monster count
 E = Non-spawn monster count
 F = Spawn count percentage of total count
 G = Total turns spent on level
                    A         B        C        D         E        F      G
               +---------+---------+-------+---------+---------+-------+---------
         Total |    3588 |  391680 |   0.9 |       9 |    1196 |   0.7 | 49233
               +---------+---------+-------+---------+---------+-------+---------
           D:1 |       0 |      48 |   0.0 |       0 |      28 |   0.0 |   839
           D:2 |       0 |     115 |   0.0 |       0 |      33 |   0.0 |  1524
           D:3 |       0 |     138 |   0.0 |       0 |      26 |   0.0 |  1157
           D:4 |       0 |     206 |   0.0 |       0 |      17 |   0.0 |  1186
           D:5 |       0 |     631 |   0.0 |       0 |       9 |   0.0 |  1120
           D:6 |       0 |     288 |   0.0 |       0 |      12 |   0.0 |  1216
           D:7 |       0 |    1051 |   0.0 |       0 |      26 |   0.0 |  1392
           D:8 |       0 |    1645 |   0.0 |       0 |      19 |   0.0 |  1817
           D:9 |       0 |    3622 |   0.0 |       0 |      52 |   0.0 |  2334
          D:10 |       0 |     684 |   0.0 |       0 |      10 |   0.0 |   894
          D:11 |       0 |    2906 |   0.0 |       0 |      15 |   0.0 |  1370
          D:12 |       0 |    9730 |   0.0 |       0 |      42 |   0.0 |   951
          D:13 |       0 |   24863 |   0.0 |       0 |      85 |   0.0 |  2264
          D:14 |       0 |   13383 |   0.0 |       0 |      35 |   0.0 |  2453
          D:15 |       0 |   22486 |   0.0 |       0 |      58 |   0.0 |  1801
        Lair:1 |       0 |    3271 |   0.0 |       0 |      21 |   0.0 |  1869
        Lair:2 |       0 |    7755 |   0.0 |       0 |      29 |   0.0 |  1455
        Lair:3 |       0 |    7282 |   0.0 |       0 |      33 |   0.0 |  1299
        Lair:4 |       0 |    3071 |   0.0 |       0 |      15 |   0.0 |   942
        Lair:5 |       0 |    7071 |   0.0 |       0 |      27 |   0.0 |   763
        Lair:6 |       0 |   13903 |   0.0 |       0 |      54 |   0.0 |  1273
       Swamp:1 |       0 |   11730 |   0.0 |       0 |      23 |   0.0 |   893
       Swamp:2 |       0 |    7596 |   0.0 |       0 |      23 |   0.0 |  1089
       Swamp:3 |       0 |   19677 |   0.0 |       0 |      42 |   0.0 |  1629
       Swamp:4 |       0 |   24470 |   0.0 |       0 |      59 |   0.0 |  1050
       Snake:1 |       0 |   19670 |   0.0 |       0 |      36 |   0.0 |  2188
       Snake:2 |       0 |   34260 |   0.0 |       0 |      53 |   0.0 |  1213
       Snake:3 |       0 |   24115 |   0.0 |       0 |      47 |   0.0 |  2056
       Snake:4 |       0 |   48380 |   0.0 |       0 |      81 |   0.0 |  1299
         Orc:1 |       0 |    7774 |   0.0 |       0 |      20 |   0.0 |  3245
         Orc:2 |       0 |    9316 |   0.0 |       0 |      59 |   0.0 |  2067
      Vaults:1 |       0 |   46876 |   0.0 |       0 |      80 |   0.0 |  1551
      Vaults:2 |       0 |   11115 |   0.0 |       0 |      20 |   0.0 |   388
       Abyss:4 |    3588 |       0 | 100.0 |       9 |       0 | 100.0 |   157
       Volcano |       0 |    2552 |   0.0 |       0 |       7 |   0.0 |   181
               +---------+---------+-------+---------+---------+-------+---------
